 Dungeon Crawl Stone Soup version 0.27.1-2-g3b301248ec (webtiles) character file.

Game seed: 14837588233731777664

70 cummra the Digger (level 4, -10/24 HPs)
             Began as a Gargoyle Earth Elementalist on Sept 29, 2021.
             Killed by divine providence
             ... invoked by an orc priest
              (16 damage)
             ... on level 3 of the Dungeon.
             The game lasted 00:03:35 (2168 turns).

cummra the Digger (Gargoyle Earth Elementalist)     Turns: 2168, Time: 00:03:36

Health: -10/24     AC:  5    Str: 11    XL:     4   Next: 21%
Magic:  1/8        EV: 11    Int: 17    God:
Gold:   112        SH:  0    Dex: 10    Spells: 8/9 levels left

rFire    . . .     SeeInvis .   f - +1 whip
rCold    . . .     Faith    .   (no shield)
rNeg     + . .     Spirit   .   b - +0 robe
rPois    ∞         Reflect  .   (no helmet)
rElec    +         Harm     .   (no cloak)
rCorr    .         Rampage  .   (no gloves)
Will     .....                  (no boots)
Stlth    ++........             (no amulet)
HPRegen  0.08/turn              (no ring)
MPRegen  0.11/turn              (no ring)

@: weak-willed
A: sickness immunity, AC +3, negative energy resistance 1, electricity
resistance, torment resistance 1, petrification resistance
a: no special abilities


You were on level 3 of the Dungeon.
You visited 1 branch of the dungeon, and saw 3 of its levels.

You collected 112 gold pieces.

Inventory:

Hand Weapons
 f - a +1 whip (weapon)
Missiles
 c - 22 stones
Armour
 b - a +0 robe (worn)
Wands
 d - a wand of acid (6)
Scrolls
 h - a scroll of identify
Potions
 e - a potion of flight {unknown}
 g - a potion of resistance {unknown}


   Skills:
 - Level 1.5 Dodging
 - Level 2.1 Stealth
 + Level 3.2 Spellcasting
 - Level 0.7 Transmutations
 + Level 4.9 Earth Magic


You had 8 spell levels left.
You knew the following spells:

 Your Spells              Type           Power      Damage    Failure   Level
a - Sandblast             Erth           38%        2d10      2%          1

Your spell library contained the following spells:

 Spells                   Type           Power      Damage    Failure   Level
 Passwall                 Tmut/Erth      10%        N/A       9%          2
 Stone Arrow              Conj/Erth      22%        3d8       19%         3
 Petrify                  Tmut/Erth      12%        N/A       47%         4


Dungeon Overview and Level Annotations

Branches:
Dungeon (3/15)

Altars:


Innate Abilities, Weirdness & Mutations

You are immune to sickness and miasma.
Your stone body is resilient. (AC +3)
You are immune to poison.
You resist negative energy. (rN+)
You are resistant to electric shocks. (rElec)
You are resistant to unholy torment.
You are immune to petrification.


Message History

Aim: an orc priest, wielding a +0 morningstar and wearing a +0 ring mail (82% to hit)
The blast of sand misses the orc priest.
Casting: Sandblast (safe; 2% risk of failure)
Confirm with . or Enter, or press ? or * to list all spells.
Aiming: Sandblast (safe; 2% risk of failure)
Press: ? - help, Shift-Dir - straight line, f/p - orc priest
Aim: an orc priest, wielding a +0 morningstar and wearing a +0 ring mail (82% to hit)
The blast of sand hits the orc priest but does no damage.
Casting: Sandblast (safe; 2% risk of failure)
Confirm with . or Enter, or press ? or * to list all spells.
Aiming: Sandblast (safe; 2% risk of failure)
Press: ? - help, Shift-Dir - straight line, f/p - orc priest
Aim: an orc priest, wielding a +0 morningstar and wearing a +0 ring mail (82% to hit)
The blast of sand hits the orc priest but does no damage.
The orc priest barely misses you.
You hit the orc priest.
The orc priest is moderately wounded.
The orc priest misses you.
You barely miss the orc priest.
The orc priest is moderately wounded.
The orc priest suddenly jeers.
The orc priest mumbles some strange prayers to Beogh against you.
Beogh smites you!
Ouch! That really hurt!
Casting: Sandblast (safe; 2% risk of failure)
Confirm with . or Enter, or press ? or * to list all spells.
Aiming: Sandblast (safe; 2% risk of failure)
Press: ? - help, Shift-Dir - straight line, f/p - orc priest
Aim: an orc priest, wielding a +0 morningstar and wearing a +0 ring mail (moderately wounded, 82% to hit)
The blast of sand misses the orc priest.
The orc priest hits you with a +0 morningstar.
* * * LOW HITPOINT WARNING * * *
The orc priest mumbles some strange prayers to Beogh against you.
Pain shoots through your body!
* * * LOW HITPOINT WARNING * * *
Found 11 gold pieces.
The orc priest invokes the aid of Beogh against you.
Beogh smites you!
Ouch! That really hurt!
You die...

#### ≈#.# ≈≈.#
######≈..####
#.o..@...$≈≈≈
#.#####.....≈
####.#####.#####.###.#
.......))<.......#
####..)....#####.≈
#..###......
#..####.###.. #.
#....# #. #.####


You could see an orc priest.

Vanquished Creatures
  2 worms (D:2)
  A dart slug (D:2)
  3 orcs (D:3)
  11 ball pythons
  8 endoplasms
  A giant cockroach (D:1)
  3 goblins
  6 hobgoblins
  4 jackals (D:1)
  7 kobolds
  A quokka (D:2)
  3 bats (D:2)
  2 frilled lizards (D:1)
  A rat (D:2)
53 creatures vanquished.

Notes
Turn   | Place    | Note
-------+----------+-------------------------------------------
     0 | D:1      | cummra the Gargoyle Earth Elementalist began the quest for
                  | the Orb.
     0 | D:1      | Reached XP level 1. HP: 10/10 MP: 3/3
   126 | D:1      | Reached XP level 2. HP: 15/15 MP: 3/5
   154 | D:1      | Reached skill level 4 in Earth Magic
   225 | D:1      | Found a faded altar of an unknown god.
   626 | D:1      | Reached XP level 3. HP: 17/19 MP: 1/6
  1935 | D:2      | Reached XP level 4. HP: 24/24 MP: 3/8
  2168 | D:3      | Killed from afar by an orc priest

Illustrated notes

Levels and vault maps discovered:
D:1:      saegor_arrival_simple_c, layout_loops_ring,
          chequers_ecumenical_altar_simple_redux, minmay_shallow_snake_nest
D:2:      layout_basic
D:3:      layout_loops_ring, nicolae_hepliaklqana_ecumenical_no_more,
          okawaru_altar_gauntlet_db, lemuel_round_altar,
          chequers_serial_rivers_small_b, st_stairs_5, kennysheep_generic_room_6

Skill      XL: |  1  2  3 |
---------------+----------+-----
Earth Magic    | 4 |  4.9
Spellcasting   | 3 |  3.2
Dodging        | |  1.5
Stealth        | |  2.1
Transmutations | |  0.7

Action                   |  1- 3 |  4- 6 || total
-------------------------+-------+-------++-------
Melee: Unarmed           |    10 |       ||    10
       Whip              |    55 |     5 ||    60
       Dagger            |     4 |       ||     4
 Cast: Sandblast         |    40 |    12 ||    52
  Use: Scroll            |     5 |     3 ||     8
 Stab: Sleeping          |     2 |     1 ||     3
Armor: Robe              |    29 |     1 ||    30
Dodge: Dodged            |    50 |     6 ||    56
